[ AOE2 MATCH · #477076398 ]
UnrankedMalay vs Portuguese
[ REPLAY ANALYSIS · EXTRACTED FROM THE RECORDED GAME ]
Feudal
8:50
Castle
22:52
Imperial
—
| APM avg | 54.5 |
| APM peak | 127 |
| eAPM avg | 15.2 |
| Villagers / military | 49 / 24 |
Focus
⚔️ 35.3% · 🌾 64.7%
Scout Cavalry ×17 · Battle Elephant ×6 · Spearman ×1
Feudal
9:29
Castle
23:47
Imperial
—
| APM avg | 26.5 |
| APM peak | 53 |
| eAPM avg | 17.2 |
| Villagers / military | 45 / 46 |
Focus
⚔️ 30.9% · 🌾 69.1%
Archer ×44 · Spearman ×2
Feudal
8:56
Castle
—
Imperial
—
| APM avg | 21.9 |
| APM peak | 54 |
| eAPM avg | 12.1 |
| Villagers / military | 37 / 30 |
Focus
⚔️ 36.4% · 🌾 63.6%
Archer ×29 · Spearman ×1
Feudal
9:12
Castle
23:09
Imperial
—
| APM avg | 33.5 |
| APM peak | 90 |
| eAPM avg | 17.6 |
| Villagers / military | 45 / 18 |
Focus
⚔️ 42.7% · 🌾 57.3%
Scout Cavalry ×14 · Knight ×4
Feudal
9:36
Castle
23:08
Imperial
—
| APM avg | 41.8 |
| APM peak | 82 |
| eAPM avg | 18.0 |
| Villagers / military | 41 / 55 |
Focus
⚔️ 21.6% · 🌾 78.4%
Archer ×54 · Spearman ×1
Feudal
8:56
Castle
21:04
Imperial
—
| APM avg | 42.6 |
| APM peak | 62 |
| eAPM avg | 15.5 |
| Villagers / military | 65 / 66 |
Focus
⚔️ 37.5% · 🌾 62.5%
Archer ×63 · Spearman ×2 · Eagle Scout ×1
Feudal
8:00
Castle
19:36
Imperial
—
| APM avg | 40.7 |
| APM peak | 81 |
| eAPM avg | 17.5 |
| Villagers / military | 59 / 25 |
Focus
⚔️ 32.9% · 🌾 67.1%
Knight ×16 · Scout Cavalry ×8 · Spearman ×1
Feudal
8:52
Castle
23:50
Imperial
—
| APM avg | 63.5 |
| APM peak | 129 |
| eAPM avg | 21.4 |
| Villagers / military | 49 / 26 |
Focus
⚔️ 45.2% · 🌾 54.8%
Scout Cavalry ×26
Match map
Initial resources + every placement click. Lines = walls · curves = elevation contours. ◆ gold · ⬟ stone · ● berries · ✦ relic · ◌ wall gap
Your base· Open — 7t gap
FraGStaR's base· ✓ Closed at 23:47 · 5t walls · 2 gate(s)
newisyou's base· ✓ Closed at 23:01 · 30t walls · 1 gate(s)
ImVaibhav's base· Open — 4t gap
Mirror's base· Open — 4t gap
PEPPA's base· Open — 5t gap
Deadkorpse's base· Open — 6t gap
BSL | adduOP's base· Open — 7t gap
Smoothed initial terrain · ◌ = detected wall gap · hover for details
Inputs per minute
— MODI - - FraGStaR
Build order — MODI
139 actions detected in the replay
| 0:01 | Create | Villager (Male) ×4 |
| 0:02 | Build | House |
| 0:03 | Build | House |
| 1:32 | Create | Villager (Male) |
| 1:51 | Create | Villager (Male) |
| 2:15 | Build | Lumber Camp |
| 2:21 | Create | Villager (Male) |
| 2:34 | Create | Villager (Male) |
| 2:41 | Build | House |
| 2:52 | Create | Villager (Male) |
| 3:33 | Create | Villager (Male) |
| 4:01 | Create | Villager (Male) |
| 4:02 | Create | Villager (Male) |
| 4:14 | Build | House |
| 4:15 | Create | Villager (Male) |
| 5:00 | Create | Villager (Male) |
| 5:20 | Create | Villager (Male) |
| 5:30 | Build | Mill |
| 5:35 | Create | Villager (Male) |
| 6:33 | Create | Villager (Male) |
| 7:07 | Create | Villager (Male) |
| 7:14 | Research | Feudal Age |
| 8:24 | Build | Barracks |
| 8:42 | Create | Villager (Male) |
| 8:44 | Research | Loom |
| 8:50 | Age | Feudal Age |
| 8:54 | Research | Double-Bit Axe |
| 9:26 | Build | Stable |
| 9:28 | Create | Villager (Male) |
| 9:35 | Build | House |
| 9:42 | Build | Farm |
| 9:52 | Create | Villager (Male) |
| 10:05 | Create | Scout Cavalry |
| 10:07 | Create | Villager (Male) |
| 10:12 | Build | House |
| 10:17 | Create | Scout Cavalry |
| 10:21 | Research | Horse Collar |
| 10:27 | Create | Spearman |
| 10:32 | Build | House |
| 10:36 | Create | Villager (Male) |
| 10:50 | Build | House |
| 10:51 | Create | Scout Cavalry |
| 10:57 | Build | Farm |
| 11:11 | Create | Scout Cavalry |
| 11:12 | Create | Villager (Male) |
| 11:20 | Build | Palisade Wall |
| 11:27 | Create | Villager (Male) |
| 12:07 | Create | Scout Cavalry |
| 12:08 | Create | Villager (Male) |
| 12:45 | Create | Scout Cavalry |
| 12:50 | Build | Farm |
| 12:50 | Build | Farm |
| 12:50 | Build | Farm |
| 12:51 | Build | Farm |
| 12:51 | Build | Farm |
| 12:51 | Build | Farm |
| 12:52 | Build | Farm |
| 12:52 | Build | Farm |
| 12:55 | Build | Farm |
| 12:56 | Build | Farm |
| 12:57 | Create | Villager (Male) |
| 13:05 | Build | House |
| 13:07 | Build | Palisade Wall |
| 13:29 | Create | Villager (Male) |
| 14:14 | Create | Scout Cavalry |
| 14:19 | Build | House |
| 14:31 | Build | Watch Tower |
| 14:35 | Create | Villager (Male) |
| 14:40 | Build | Palisade Wall |
| 14:50 | Create | Scout Cavalry |
| 14:52 | Create | Villager (Male) |
| 15:10 | Build | Farm |
| 15:11 | Build | Farm |
| 15:13 | Build | Farm |
| 15:21 | Create | Scout Cavalry |
| 15:40 | Build | Farm |
| 15:47 | Create | Scout Cavalry |
| 16:18 | Create | Scout Cavalry |
| 16:19 | Create | Villager (Male) |
| 16:37 | Create | Scout Cavalry |
| 16:38 | Create | Villager (Male) |
| 16:44 | Build | Mill |
| 16:45 | Build | Farm |
| 16:45 | Build | Farm |
| 16:45 | Build | Farm |
| 16:46 | Build | Farm |
| 16:46 | Build | Farm |
| 16:46 | Build | Farm |
| 16:52 | Build | Stable |
| 16:55 | Create | Villager (Male) |
| 17:15 | Create | Scout Cavalry |
| 17:16 | Create | Villager (Male) |
| 17:29 | Create | Villager (Male) |
| 17:43 | Create | Villager (Male) |
| 17:49 | Create | Villager (Male) |
| 17:52 | Build | Farm |
| 17:55 | Create | Scout Cavalry |
| 18:11 | Create | Scout Cavalry |
| 18:12 | Create | Villager (Male) |
| 18:41 | Create | Scout Cavalry |
| 18:41 | Create | Villager (Male) |
| 18:51 | Create | Villager (Male) |
| 18:53 | Build | Blacksmith |
| 18:54 | Create | Villager (Male) |
| 19:00 | Build | Mining Camp |
| 19:08 | Create | Scout Cavalry |
| 19:17 | Build | Mill |
| 19:18 | Build | Farm |
| 19:18 | Build | Farm |
| 19:18 | Build | Farm |
| 19:18 | Build | Farm |
| 19:19 | Build | Farm |
| 19:19 | Build | Farm |
| 19:21 | Create | Villager (Male) |
| 19:35 | Build | House |
| 19:40 | Build | Palisade Wall |
| 19:41 | Build | Palisade Wall |
| 19:44 | Create | Villager (Male) |
| 20:27 | Create | Villager (Male) |
| 21:00 | Build | Market |
| 21:02 | Build | Palisade Wall |
| 21:03 | Build | Palisade Wall |
| 21:16 | Research | Castle Age |
| 21:30 | Create | Villager (Male) |
| 22:01 | Research | Gold Mining |
| 22:29 | Build | Mining Camp |
| 22:30 | Create | Villager (Male) |
| 22:52 | Age | Castle Age |
| 22:55 | Create | Battle Elephant |
| 22:56 | Create | Battle Elephant |
| 23:04 | Research | Scale Barding Armor |
| 23:21 | Create | Battle Elephant |
| 23:22 | Create | Battle Elephant |
| 23:23 | Create | Villager (Male) |
| 23:41 | Build | Lumber Camp |
| 24:20 | Create | Battle Elephant |
| 24:21 | Create | Battle Elephant |
| 24:21 | Create | Villager (Male) |
| 24:22 | Create | Villager (Male) |
Build order — FraGStaR
148 actions detected in the replay
| 0:06 | Create | Villager (Male) |
| 0:06 | Create | Villager (Male) |
| 0:06 | Create | Villager (Male) |
| 0:07 | Create | Villager (Male) |
| 0:08 | Build | House |
| 0:10 | Build | House |
| 1:28 | Create | Villager (Male) |
| 1:54 | Create | Villager (Male) |
| 2:36 | Create | Villager (Male) |
| 2:56 | Build | Lumber Camp |
| 3:08 | Create | Villager (Male) |
| 3:45 | Create | Villager (Male) |
| 3:45 | Create | Villager (Male) |
| 4:03 | Create | Villager (Male) |
| 4:53 | Create | Villager (Male) |
| 4:54 | Create | Villager (Male) |
| 5:05 | Build | Mill |
| 5:10 | Create | Villager (Male) |
| 5:10 | Create | Villager (Male) |
| 5:10 | Create | Villager (Male) |
| 5:15 | Build | House |
| 5:52 | Research | Loom |
| 6:28 | Create | Villager (Male) |
| 7:19 | Research | Feudal Age |
| 7:50 | Build | Barracks |
| 8:04 | Build | House |
| 8:26 | Build | Mining Camp |
| 9:29 | Age | Feudal Age |
| 9:34 | Create | Spearman |
| 9:34 | Create | Spearman |
| 9:42 | Build | Archery Range |
| 9:49 | Build | Archery Range |
| 9:49 | Create | Villager (Male) |
| 10:09 | Build | Watch Tower |
| 10:13 | Create | Villager (Male) |
| 10:20 | Build | Farm |
| 10:53 | Create | Archer |
| 10:54 | Create | Archer |
| 10:59 | Create | Archer |
| 11:00 | Create | Villager (Male) |
| 11:01 | Create | Villager (Male) |
| 11:03 | Build | Farm |
| 11:06 | Build | Farm |
| 11:38 | Create | Archer |
| 12:00 | Build | Farm |
| 12:02 | Build | Farm |
| 12:09 | Create | Villager (Male) |
| 12:49 | Create | Villager (Male) |
| 13:09 | Build | Market |
| 13:11 | Create | Villager (Male) |
| 13:21 | Create | Archer |
| 13:38 | Build | Farm |
| 13:43 | Build | Farm |
| 13:50 | Create | Villager (Male) |
| 13:51 | Create | Archer |
| 14:08 | Build | House |
| 14:19 | Create | Villager (Male) |
| 14:30 | Build | Blacksmith |
| 14:34 | Create | Archer |
| 14:36 | Create | Villager (Male) |
| 14:37 | Create | Villager (Male) |
| 14:48 | Create | Archer |
| 15:10 | Create | Archer |
| 15:24 | Research | Fletching |
| 15:29 | Build | Farm |
| 15:34 | Create | Villager (Male) |
| 15:35 | Create | Archer |
| 15:35 | Create | Archer |
| 16:21 | Create | Archer |
| 16:21 | Create | Archer |
| 16:22 | Create | Archer |
| 16:22 | Create | Villager (Male) |
| 16:23 | Create | Villager (Male) |
| 16:26 | Build | Farm |
| 16:34 | Create | Archer |
| 16:37 | Create | Villager (Male) |
| 16:45 | Build | House |
| 16:51 | Build | House |
| 16:53 | Build | House |
| 16:55 | Create | Archer |
| 17:06 | Build | Farm |
| 17:24 | Build | Farm |
| 17:43 | Create | Archer |
| 17:44 | Create | Archer |
| 17:45 | Create | Villager (Male) |
| 17:45 | Create | Villager (Male) |
| 17:46 | Create | Villager (Male) |
| 17:53 | Build | Farm |
| 17:59 | Create | Archer |
| 18:04 | Build | Farm |
| 18:17 | Create | Archer |
| 18:31 | Build | Farm |
| 18:41 | Build | House |
| 18:42 | Build | House |
| 18:48 | Create | Villager (Male) |
| 19:04 | Create | Archer |
| 19:05 | Create | Archer |
| 19:06 | Create | Villager (Male) |
| 19:31 | Create | Archer |
| 19:31 | Create | Archer |
| 19:50 | Build | Palisade Gate |
| 19:56 | Build | Farm |
| 20:01 | Create | Archer |
| 20:04 | Create | Archer |
| 20:15 | Build | Farm |
| 20:26 | Build | Farm |
| 20:38 | Build | Farm |
| 20:47 | Create | Archer |
| 21:07 | Research | Castle Age |
| 21:09 | Create | Archer |
| 21:10 | Create | Archer |
| 21:11 | Create | Archer |
| 21:27 | Build | House |
| 21:30 | Build | House |
| 21:32 | Build | House |
| 21:37 | Build | Palisade Wall |
| 21:39 | Build | Palisade Gate |
| 21:54 | Create | Villager (Male) |
| 21:58 | Create | Villager (Male) |
| 22:26 | Create | Archer |
| 22:26 | Create | Archer |
| 22:48 | Build | Mining Camp |
| 23:04 | Build | Lumber Camp |
| 23:08 | Create | Archer |
| 23:47 | Age | Castle Age |
| 23:49 | Research | Crossbowman (upgrade) |
| 23:52 | Research | Bodkin Arrow |
| 24:00 | Create | Villager (Male) |
| 24:01 | Create | Villager (Male) |
| 24:27 | Build | University |
| 24:32 | Create | Archer |
| 24:33 | Create | Archer |
| 24:44 | Create | Archer |
| 24:48 | Create | Archer |
| 25:03 | Research | Padded Archer Armor |
| 25:15 | Create | Archer |
| 25:15 | Create | Archer |
| 25:40 | Create | Archer |
| 25:46 | Create | Villager (Male) |
| 25:47 | Create | Villager (Male) |
| 25:47 | Create | Villager (Male) |
| 25:48 | Create | Villager (Male) |
| 26:03 | Create | Archer |
| 26:03 | Create | Archer |
| 26:29 | Build | House |
| 26:32 | Build | House |
| 26:44 | Create | Archer |
| 26:45 | Create | Archer |
Build order — newisyou
118 actions detected in the replay
| 0:02 | Create | Villager (Male) |
| 0:02 | Create | Villager (Male) |
| 0:02 | Create | Villager (Male) |
| 0:04 | Build | House |
| 0:10 | Build | House |
| 0:12 | Create | Villager (Male) |
| 1:12 | Create | Villager (Male) |
| 1:36 | Build | House |
| 1:37 | Create | Villager (Male) |
| 2:14 | Create | Villager (Male) |
| 2:34 | Create | Villager (Male) |
| 3:06 | Create | Villager (Male) |
| 3:21 | Create | Villager (Male) |
| 3:39 | Build | Lumber Camp |
| 3:46 | Create | Villager (Male) |
| 4:16 | Create | Villager (Male) |
| 4:17 | Create | Villager (Male) |
| 4:45 | Create | Villager (Male) |
| 4:59 | Build | Mining Camp |
| 5:17 | Create | Villager (Male) |
| 5:36 | Build | Mining Camp |
| 6:00 | Research | Loom |
| 6:46 | Research | Feudal Age |
| 7:45 | Build | Barracks |
| 7:47 | Build | House |
| 8:56 | Age | Feudal Age |
| 9:02 | Build | Archery Range |
| 9:12 | Create | Villager (Male) |
| 9:13 | Create | Villager (Male) |
| 9:13 | Create | Villager (Male) |
| 9:58 | Build | Archery Range |
| 10:00 | Create | Archer |
| 10:10 | Create | Archer |
| 10:19 | Create | Archer |
| 10:33 | Create | Villager (Male) |
| 10:49 | Build | Blacksmith |
| 10:57 | Create | Archer |
| 10:58 | Create | Archer |
| 11:01 | Create | Villager (Male) |
| 11:12 | Create | Archer |
| 11:39 | Build | House |
| 11:41 | Build | House |
| 11:48 | Research | Fletching |
| 12:12 | Build | Palisade Wall |
| 12:18 | Build | Mill |
| 12:20 | Create | Archer |
| 12:22 | Create | Villager (Male) |
| 12:44 | Create | Archer |
| 12:49 | Build | House |
| 13:45 | Create | Archer |
| 13:45 | Create | Archer |
| 14:00 | Create | Archer |
| 14:15 | Create | Archer |
| 14:16 | Create | Villager (Male) |
| 14:17 | Create | Villager (Male) |
| 14:21 | Build | Market |
| 14:22 | Build | House |
| 14:45 | Create | Archer |
| 14:52 | Build | House |
| 14:57 | Build | Palisade Wall |
| 15:03 | Create | Villager (Male) |
| 15:13 | Build | Palisade Wall |
| 15:19 | Create | Archer |
| 15:27 | Create | Archer |
| 15:38 | Build | Palisade Gate |
| 15:40 | Build | Palisade Wall |
| 15:42 | Create | Villager (Male) |
| 15:45 | Create | Archer |
| 16:04 | Build | House |
| 16:06 | Build | House |
| 16:08 | Create | Villager (Male) |
| 16:15 | Build | Mill |
| 16:17 | Create | Archer |
| 16:22 | Create | Archer |
| 16:27 | Create | Villager (Male) |
| 16:38 | Create | Archer |
| 16:49 | Create | Archer |
| 17:10 | Build | Watch Tower |
| 17:13 | Create | Villager (Male) |
| 17:20 | Build | House |
| 17:23 | Build | House |
| 17:26 | Create | Archer |
| 17:31 | Build | House |
| 17:32 | Build | House |
| 17:54 | Build | House |
| 17:56 | Create | Villager (Male) |
| 18:17 | Create | Archer |
| 18:25 | Build | House |
| 18:26 | Build | House |
| 18:27 | Build | House |
| 18:35 | Create | Villager (Male) |
| 18:41 | Build | Mill |
| 19:06 | Build | Mill |
| 19:11 | Build | Mill |
| 19:13 | Create | Villager (Male) |
| 19:23 | Create | Villager (Male) |
| 19:26 | Create | Archer |
| 19:31 | Research | Gold Mining |
| 19:42 | Create | Archer |
| 19:46 | Create | Villager (Male) |
| 20:09 | Create | Archer |
| 20:11 | Create | Villager (Male) |
| 20:17 | Build | Lumber Camp |
| 20:25 | Build | Farm |
| 20:35 | Create | Villager (Male) |
| 20:38 | Create | Archer |
| 20:42 | Build | Farm |
| 20:54 | Create | Archer |
| 21:03 | Create | Spearman |
| 21:11 | Build | Farm |
| 21:12 | Create | Villager (Male) |
| 22:18 | Create | Villager (Male) |
| 22:21 | Build | Farm |
| 23:01 | Research | Castle Age |
| 23:13 | Build | Mining Camp |
| 23:23 | Build | Archery Range |
| 24:02 | Create | Archer |
| 24:03 | Create | Archer |
Build order — ImVaibhav
116 actions detected in the replay
| 0:01 | Create | Villager (Male) ×4 |
| 0:03 | Build | House |
| 0:05 | Build | House |
| 1:32 | Create | Villager (Male) |
| 1:50 | Create | Villager (Male) |
| 1:54 | Build | Lumber Camp |
| 2:43 | Create | Villager (Male) |
| 2:46 | Create | Villager (Male) |
| 3:05 | Create | Villager (Male) |
| 3:34 | Create | Villager (Male) |
| 4:02 | Build | House |
| 4:12 | Create | Villager (Male) |
| 4:13 | Create | Villager (Male) |
| 4:28 | Create | Villager (Male) |
| 4:49 | Create | Villager (Male) |
| 5:05 | Build | Mill |
| 5:31 | Research | Loom |
| 6:23 | Create | Villager (Male) |
| 7:02 | Research | Feudal Age |
| 7:38 | Build | House |
| 7:54 | Build | Barracks |
| 8:00 | Create | Villager (Male) |
| 8:18 | Build | House |
| 8:24 | Create | Villager (Male) |
| 8:41 | Create | Villager (Male) |
| 9:12 | Age | Feudal Age |
| 9:16 | Build | Stable |
| 9:19 | Build | House |
| 9:20 | Build | House |
| 9:58 | Create | Scout Cavalry |
| 9:58 | Create | Scout Cavalry |
| 10:07 | Build | Stable |
| 10:22 | Create | Villager (Male) |
| 10:32 | Build | Farm |
| 10:37 | Build | Farm |
| 10:55 | Build | Farm |
| 10:57 | Create | Villager (Male) |
| 11:00 | Create | Scout Cavalry |
| 11:18 | Create | Villager (Male) |
| 11:25 | Create | Villager (Male) |
| 11:31 | Build | Farm |
| 11:38 | Build | Farm |
| 11:48 | Create | Villager (Male) |
| 11:53 | Build | Farm |
| 12:03 | Build | Mining Camp |
| 12:06 | Build | House |
| 12:20 | Create | Scout Cavalry |
| 12:39 | Create | Villager (Male) |
| 12:40 | Create | Scout Cavalry |
| 12:50 | Build | Farm |
| 12:53 | Build | Farm |
| 12:57 | Create | Villager (Male) |
| 13:14 | Create | Villager (Male) |
| 13:34 | Create | Scout Cavalry |
| 13:58 | Create | Scout Cavalry |
| 14:12 | Create | Villager (Male) |
| 14:18 | Build | House |
| 14:19 | Build | House |
| 14:25 | Create | Scout Cavalry |
| 14:26 | Create | Villager (Male) |
| 14:34 | Build | Blacksmith |
| 14:37 | Build | House |
| 14:39 | Create | Villager (Male) |
| 14:49 | Build | Farm |
| 14:49 | Build | Farm |
| 14:50 | Build | Farm |
| 14:50 | Build | Farm |
| 15:24 | Create | Villager (Male) |
| 15:33 | Create | Villager (Male) |
| 15:39 | Build | Farm |
| 15:52 | Research | Wheelbarrow |
| 16:48 | Research | Scale Barding Armor |
| 16:49 | Create | Villager (Male) |
| 16:56 | Build | Market |
| 17:28 | Create | Villager (Male) |
| 17:31 | Research | Bloodlines |
| 17:41 | Create | Villager (Male) |
| 17:48 | Build | Lumber Camp |
| 17:54 | Build | Farm |
| 18:00 | Create | Villager (Male) |
| 18:21 | Build | Farm |
| 18:53 | Create | Villager (Male) |
| 19:01 | Create | Villager (Male) |
| 19:55 | Create | Scout Cavalry |
| 19:59 | Build | Palisade Wall |
| 20:01 | Build | Palisade Wall |
| 20:29 | Research | Castle Age |
| 20:59 | Create | Scout Cavalry |
| 20:59 | Create | Scout Cavalry |
| 21:00 | Create | Scout Cavalry |
| 21:37 | Create | Scout Cavalry |
| 21:43 | Research | Horse Collar |
| 22:09 | Create | Scout Cavalry |
| 22:51 | Research | Gold Mining |
| 22:52 | Research | Double-Bit Axe |
| 23:02 | Build | House |
| 23:09 | Build | Palisade Wall |
| 23:09 | Age | Castle Age |
| 23:11 | Build | Palisade Wall |
| 23:12 | Build | House |
| 23:19 | Create | Villager (Male) |
| 23:47 | Create | Villager (Male) |
| 24:04 | Build | Palisade Wall |
| 24:13 | Create | Villager (Male) |
| 24:21 | Research | Light Cavalry (upgrade) |
| 24:23 | Create | Knight |
| 24:23 | Create | Knight |
| 24:45 | Create | Villager (Male) |
| 24:46 | Create | Villager (Male) |
| 25:12 | Create | Villager (Male) |
| 25:12 | Create | Villager (Male) |
| 25:15 | Create | Knight |
| 25:15 | Create | Knight |
| 25:30 | Build | Town Center |
| 25:42 | Create | Villager (Male) |
| 25:45 | Research | Heavy Plow |
Build order — Mirror
141 actions detected in the replay
| 0:01 | Create | Villager (Male) |
| 0:02 | Create | Villager (Male) |
| 0:02 | Create | Villager (Male) |
| 0:03 | Build | House |
| 0:07 | Build | House |
| 0:16 | Create | Villager (Male) |
| 0:16 | Create | Villager (Male) |
| 1:24 | Create | Villager (Male) |
| 1:55 | Research | Loom |
| 1:56 | Create | Villager (Male) |
| 2:19 | Create | Villager (Male) |
| 2:48 | Create | Villager (Male) |
| 3:12 | Create | Villager (Male) |
| 3:12 | Create | Villager (Male) |
| 3:32 | Create | Villager (Male) |
| 3:32 | Create | Villager (Male) |
| 3:45 | Build | Lumber Camp |
| 3:47 | Create | Villager (Male) |
| 4:04 | Create | Villager (Male) |
| 4:15 | Build | House |
| 4:32 | Create | Villager (Male) |
| 4:39 | Create | Villager (Male) |
| 5:29 | Create | Villager (Male) |
| 6:26 | Create | Villager (Male) |
| 6:41 | Build | Mining Camp |
| 6:54 | Create | Villager (Male) |
| 7:12 | Research | Feudal Age |
| 7:39 | Build | House |
| 8:10 | Build | Barracks |
| 8:50 | Build | House |
| 9:36 | Age | Feudal Age |
| 9:39 | Build | Archery Range |
| 9:46 | Create | Villager (Male) |
| 9:49 | Create | Spearman |
| 9:53 | Build | Watch Tower |
| 9:59 | Create | Villager (Male) |
| 10:17 | Build | Archery Range |
| 10:23 | Create | Villager (Male) |
| 10:34 | Create | Archer |
| 10:34 | Create | Archer |
| 10:48 | Create | Villager (Male) |
| 10:52 | Research | Double-Bit Axe |
| 11:07 | Create | Archer |
| 11:08 | Create | Archer |
| 11:24 | Create | Archer |
| 11:29 | Build | Blacksmith |
| 11:32 | Create | Villager (Male) |
| 11:42 | Create | Archer |
| 11:42 | Create | Archer |
| 11:42 | Create | Archer |
| 11:56 | Build | House |
| 11:57 | Build | House |
| 12:00 | Create | Villager (Male) |
| 12:17 | Create | Archer |
| 12:18 | Create | Archer |
| 12:31 | Create | Villager (Male) |
| 12:31 | Create | Villager (Male) |
| 12:49 | Build | Mill |
| 12:58 | Create | Archer |
| 12:59 | Create | Archer |
| 13:10 | Create | Villager (Male) |
| 13:18 | Create | Archer |
| 13:18 | Create | Archer |
| 13:55 | Research | Fletching |
| 13:56 | Research | Fletching |
| 14:02 | Create | Villager (Male) |
| 14:18 | Research | Padded Archer Armor |
| 14:30 | Create | Villager (Male) |
| 14:34 | Build | House |
| 14:35 | Build | House |
| 14:36 | Build | House |
| 14:42 | Create | Archer |
| 14:52 | Build | House |
| 14:53 | Build | House |
| 14:55 | Build | House |
| 14:58 | Create | Villager (Male) |
| 14:58 | Create | Villager (Male) |
| 15:17 | Create | Archer ×2 |
| 15:23 | Build | Farm |
| 15:23 | Build | Farm |
| 15:23 | Build | Farm |
| 15:23 | Build | Farm |
| 15:24 | Build | Farm |
| 15:24 | Build | Farm |
| 15:37 | Create | Archer |
| 15:55 | Research | Horse Collar |
| 16:08 | Create | Archer ×2 |
| 16:26 | Build | Farm |
| 16:27 | Build | Farm |
| 16:29 | Build | Farm |
| 16:29 | Build | Farm |
| 16:30 | Build | Farm |
| 16:43 | Create | Archer |
| 16:58 | Build | Market |
| 17:06 | Create | Villager (Male) |
| 17:06 | Create | Villager (Male) |
| 17:17 | Build | Palisade Wall |
| 17:23 | Create | Archer ×2 |
| 17:23 | Create | Archer ×2 |
| 17:25 | Create | Villager (Male) |
| 17:38 | Create | Villager (Male) |
| 17:46 | Build | Farm |
| 17:47 | Build | Farm |
| 18:06 | Build | House |
| 18:09 | Build | Palisade Wall |
| 18:15 | Create | Archer |
| 18:16 | Create | Villager (Male) |
| 18:17 | Create | Archer |
| 18:17 | Create | Archer |
| 18:18 | Create | Archer |
| 18:46 | Create | Villager (Male) |
| 18:55 | Create | Villager (Male) |
| 19:25 | Build | House |
| 19:27 | Build | House |
| 19:46 | Build | Palisade Wall |
| 20:28 | Research | Castle Age |
| 20:30 | Create | Archer ×2 |
| 20:47 | Build | House |
| 20:59 | Build | Palisade Wall |
| 21:04 | Create | Archer |
| 21:15 | Build | Archery Range |
| 21:27 | Research | Gold Mining |
| 21:42 | Create | Archer ×4 |
| 21:56 | Build | House |
| 21:56 | Build | House |
| 21:57 | Build | House |
| 22:07 | Create | Archer |
| 22:24 | Build | Lumber Camp |
| 22:33 | Create | Archer |
| 22:33 | Create | Archer |
| 23:08 | Age | Castle Age |
| 23:09 | Research | Crossbowman (upgrade) |
| 23:23 | Research | Bodkin Arrow |
| 23:23 | Research | Bodkin Arrow |
| 23:31 | Build | University |
| 24:06 | Create | Villager (Male) |
| 24:12 | Research | Ballistics |
| 24:39 | Create | Archer ×5 |
| 24:39 | Create | Archer ×5 |
| 24:39 | Create | Archer ×5 |
| 25:27 | Research | Wheelbarrow |
Build order — PEPPA
First 150 of 195 actions detected
| 0:01 | Research | Loom |
| 0:03 | Create | Villager (Male) |
| 0:04 | Build | House |
| 0:06 | Build | House |
| 0:22 | Create | Villager (Male) |
| 0:54 | Create | Villager (Male) |
| 0:54 | Create | Villager (Male) |
| 0:55 | Create | Villager (Male) |
| 1:28 | Create | Villager (Male) |
| 1:28 | Create | Villager (Male) |
| 1:28 | Create | Villager (Male) |
| 2:01 | Create | Villager (Male) |
| 2:01 | Create | Villager (Male) |
| 2:01 | Create | Villager (Male) |
| 2:01 | Create | Villager (Male) |
| 2:32 | Create | Villager (Male) |
| 2:32 | Create | Villager (Male) |
| 2:35 | Build | Lumber Camp |
| 2:59 | Create | Villager (Male) |
| 2:59 | Create | Villager (Male) |
| 2:59 | Create | Villager (Male) |
| 2:59 | Create | Villager (Male) |
| 3:38 | Create | Villager (Male) |
| 3:39 | Create | Villager (Male) |
| 4:03 | Build | House |
| 4:23 | Create | Villager (Male) |
| 4:50 | Create | Villager (Male) |
| 5:23 | Build | Mining Camp |
| 5:25 | Create | Villager (Male) |
| 5:31 | Create | Villager (Male) |
| 6:05 | Create | Villager (Male) |
| 6:46 | Research | Feudal Age |
| 8:02 | Build | Barracks |
| 8:36 | Build | House |
| 8:56 | Age | Feudal Age |
| 8:59 | Build | Archery Range |
| 9:06 | Build | Archery Range |
| 9:09 | Create | Eagle Scout |
| 9:15 | Create | Villager (Male) |
| 9:39 | Create | Villager (Male) |
| 9:51 | Create | Villager (Male) |
| 9:54 | Build | House |
| 9:56 | Create | Archer |
| 10:00 | Create | Spearman |
| 10:02 | Create | Archer |
| 10:05 | Create | Villager (Male) |
| 10:19 | Create | Archer |
| 10:34 | Create | Villager (Male) |
| 10:48 | Create | Villager (Male) |
| 10:52 | Build | House |
| 10:56 | Build | Blacksmith |
| 10:58 | Create | Archer |
| 10:58 | Create | Archer |
| 11:30 | Create | Archer |
| 11:30 | Create | Archer |
| 11:36 | Create | Villager (Male) |
| 11:36 | Create | Villager (Male) |
| 11:41 | Research | Fletching |
| 12:01 | Create | Villager (Male) |
| 12:23 | Create | Spearman |
| 12:34 | Create | Archer |
| 12:35 | Create | Archer |
| 12:35 | Create | Archer |
| 12:39 | Build | House |
| 12:53 | Build | House |
| 12:56 | Create | Villager (Male) |
| 13:04 | Build | Mill |
| 13:07 | Create | Archer |
| 13:07 | Create | Archer |
| 13:07 | Create | Archer |
| 13:19 | Build | Archery Range |
| 13:25 | Create | Villager (Male) |
| 13:37 | Create | Archer |
| 13:37 | Create | Archer |
| 13:47 | Build | House |
| 14:17 | Create | Villager (Male) |
| 14:17 | Create | Villager (Male) |
| 14:20 | Create | Archer |
| 14:20 | Create | Archer |
| 14:21 | Create | Villager (Male) |
| 14:21 | Create | Villager (Male) |
| 14:21 | Create | Villager (Male) |
| 14:36 | Build | House |
| 14:38 | Create | Archer |
| 14:38 | Create | Archer |
| 14:38 | Create | Archer |
| 14:43 | Build | House |
| 14:45 | Create | Villager (Male) |
| 14:45 | Create | Villager (Male) |
| 15:21 | Create | Archer |
| 15:21 | Create | Archer |
| 15:21 | Create | Archer |
| 15:22 | Create | Villager (Male) |
| 15:22 | Create | Villager (Male) |
| 15:38 | Create | Villager (Male) |
| 16:27 | Create | Archer |
| 16:27 | Create | Archer |
| 16:27 | Create | Archer |
| 16:28 | Create | Villager (Male) |
| 16:28 | Create | Villager (Male) |
| 16:28 | Create | Villager (Male) |
| 16:47 | Build | Market |
| 16:50 | Create | Villager (Male) |
| 16:50 | Create | Villager (Male) |
| 17:03 | Create | Archer |
| 17:06 | Build | House |
| 17:09 | Build | Palisade Wall |
| 17:13 | Build | Palisade Wall |
| 17:15 | Build | Palisade Wall |
| 17:20 | Build | Palisade Wall |
| 17:21 | Build | Palisade Wall |
| 17:22 | Build | Palisade Wall |
| 17:24 | Build | Palisade Wall |
| 17:25 | Build | Palisade Wall |
| 17:26 | Build | Palisade Wall |
| 17:39 | Build | House |
| 18:24 | Research | Castle Age |
| 18:52 | Build | Palisade Wall |
| 18:59 | Build | Palisade Wall |
| 19:01 | Build | Palisade Wall |
| 19:09 | Research | Horse Collar |
| 19:15 | Build | House |
| 19:22 | Create | Archer |
| 19:22 | Create | Archer |
| 19:22 | Create | Archer |
| 19:35 | Research | Double-Bit Axe |
| 19:38 | Build | Farm |
| 19:41 | Build | Farm |
| 19:43 | Build | Farm |
| 19:46 | Build | Farm |
| 19:56 | Create | Archer |
| 19:56 | Create | Archer |
| 20:08 | Build | House |
| 20:09 | Build | House |
| 20:17 | Create | Archer |
| 20:17 | Create | Archer |
| 20:17 | Create | Archer |
| 20:59 | Build | Farm |
| 20:59 | Build | Farm |
| 21:01 | Build | Farm |
| 21:04 | Age | Castle Age |
| 21:06 | Research | Crossbowman (upgrade) |
| 21:16 | Research | Bodkin Arrow |
| 21:17 | Research | Bodkin Arrow |
| 21:26 | Create | Villager (Male) |
| 21:31 | Create | Archer |
| 21:31 | Create | Archer |
| 21:38 | Research | Bow Saw |
| 21:47 | Create | Villager (Male) |
| 21:50 | Create | Archer |
Build order — Deadkorpse
First 150 of 172 actions detected
| 0:00 | Research | Loom |
| 0:46 | Create | Villager (Male) |
| 1:10 | Create | Villager (Male) |
| 1:38 | Create | Villager (Male) |
| 2:05 | Create | Villager (Male) |
| 2:05 | Create | Villager (Male) |
| 2:08 | Build | Lumber Camp |
| 2:16 | Create | Villager (Male) |
| 2:33 | Create | Villager (Male) |
| 2:42 | Create | Villager (Male) |
| 3:12 | Create | Villager (Male) |
| 3:22 | Build | House |
| 4:05 | Create | Villager (Male) |
| 4:05 | Create | Villager (Male) |
| 4:30 | Create | Villager (Male) |
| 4:41 | Build | Mill |
| 4:44 | Create | Villager (Male) |
| 5:47 | Research | Feudal Age |
| 6:29 | Create | Villager (Male) |
| 7:09 | Build | Barracks |
| 7:22 | Build | House |
| 8:00 | Age | Feudal Age |
| 8:04 | Create | Spearman |
| 8:10 | Build | Stable |
| 8:15 | Create | Villager (Male) |
| 8:34 | Create | Villager (Male) |
| 8:34 | Research | Double-Bit Axe |
| 8:43 | Build | House |
| 8:47 | Build | House |
| 8:51 | Build | Palisade Wall |
| 9:01 | Create | Villager (Male) |
| 9:02 | Create | Scout Cavalry |
| 9:07 | Build | House |
| 9:16 | Research | Horse Collar |
| 9:20 | Create | Villager (Male) |
| 9:32 | Create | Scout Cavalry |
| 9:39 | Build | Farm |
| 9:45 | Create | Scout Cavalry |
| 9:57 | Build | Farm |
| 10:02 | Create | Villager (Male) |
| 10:29 | Create | Scout Cavalry |
| 10:39 | Create | Villager (Male) |
| 10:39 | Create | Villager (Male) |
| 10:41 | Build | House |
| 10:46 | Build | House |
| 10:51 | Build | House |
| 10:52 | Build | Palisade Wall |
| 10:53 | Build | Palisade Wall |
| 10:54 | Build | Palisade Wall |
| 10:58 | Build | House |
| 10:59 | Build | Palisade Wall |
| 11:22 | Create | Scout Cavalry |
| 11:23 | Create | Villager (Male) |
| 11:47 | Create | Scout Cavalry |
| 12:02 | Create | Villager (Male) |
| 12:08 | Build | Blacksmith |
| 12:21 | Create | Villager (Male) |
| 12:22 | Create | Scout Cavalry |
| 12:37 | Build | Farm |
| 12:40 | Build | Farm |
| 12:42 | Build | Farm |
| 12:47 | Build | Farm |
| 12:49 | Build | Farm |
| 12:53 | Build | Farm |
| 12:57 | Create | Villager (Male) |
| 13:01 | Build | Farm |
| 13:04 | Create | Scout Cavalry |
| 13:12 | Build | House |
| 13:22 | Create | Villager (Male) |
| 13:44 | Build | Mining Camp |
| 13:47 | Create | Villager (Male) |
| 13:53 | Build | Farm |
| 14:06 | Create | Villager (Male) |
| 14:27 | Create | Villager (Male) |
| 14:32 | Build | Farm |
| 14:39 | Build | Farm |
| 14:43 | Build | Farm |
| 14:54 | Create | Villager (Male) |
| 14:58 | Build | Farm |
| 15:12 | Create | Villager (Male) |
| 15:29 | Create | Villager (Male) |
| 15:33 | Build | Farm |
| 15:35 | Build | Farm |
| 15:37 | Build | Farm |
| 16:00 | Build | House |
| 16:02 | Build | House |
| 16:17 | Create | Villager (Male) |
| 16:21 | Build | House |
| 16:23 | Build | House |
| 16:25 | Build | House |
| 16:28 | Build | House |
| 16:46 | Build | House |
| 16:56 | Research | Castle Age |
| 16:59 | Build | House |
| 17:18 | Build | Palisade Wall |
| 17:20 | Build | House |
| 17:45 | Build | Stable |
| 17:58 | Build | Farm |
| 18:08 | Research | Bloodlines |
| 18:11 | Research | Scale Barding Armor |
| 18:34 | Create | Villager (Male) |
| 18:38 | Research | Gold Mining |
| 18:50 | Build | Farm |
| 19:11 | Build | Palisade Wall |
| 19:36 | Age | Castle Age |
| 19:38 | Research | Light Cavalry (upgrade) |
| 19:39 | Research | Chain Barding Armor |
| 19:55 | Create | Knight |
| 20:08 | Create | Villager (Male) |
| 20:13 | Build | Town Center |
| 20:23 | Create | Villager (Male) |
| 20:33 | Research | Husbandry |
| 20:42 | Create | Knight |
| 21:01 | Create | Villager (Male) |
| 21:05 | Build | Lumber Camp |
| 21:07 | Build | House |
| 21:08 | Build | House |
| 21:16 | Create | Knight |
| 21:16 | Create | Knight |
| 21:27 | Build | House |
| 21:36 | Create | Villager (Male) |
| 21:44 | Build | House |
| 21:46 | Build | House |
| 21:47 | Create | Knight |
| 21:59 | Create | Villager (Male) |
| 22:08 | Create | Knight |
| 22:09 | Create | Villager (Male) |
| 22:31 | Create | Knight |
| 22:32 | Create | Villager (Male) |
| 22:47 | Create | Villager (Male) |
| 23:04 | Create | Knight |
| 23:05 | Create | Knight |
| 23:06 | Create | Villager (Male) |
| 23:23 | Create | Villager (Male) |
| 23:29 | Build | Farm |
| 23:29 | Build | Farm |
| 23:29 | Build | Farm |
| 23:32 | Build | Farm |
| 23:38 | Create | Villager (Male) |
| 23:51 | Create | Villager (Male) |
| 23:52 | Create | Knight |
| 24:14 | Create | Villager (Male) |
| 24:15 | Create | Villager (Male) |
| 24:24 | Create | Knight |
| 24:37 | Create | Knight |
| 24:48 | Build | Town Center |
| 25:01 | Create | Knight |
| 25:01 | Create | Villager (Male) |
| 25:03 | Create | Villager (Male) |
| 25:26 | Create | Villager (Male) |
Build order — BSL | adduOP
142 actions detected in the replay
| 0:02 | Create | Villager (Male) |
| 0:02 | Create | Villager (Male) |
| 0:03 | Build | House |
| 0:04 | Build | House |
| 0:07 | Create | Villager (Male) |
| 0:09 | Create | Villager (Male) |
| 1:25 | Create | Villager (Male) |
| 1:49 | Create | Villager (Male) |
| 2:03 | Build | Lumber Camp |
| 2:08 | Create | Villager (Male) |
| 2:55 | Create | Villager (Male) |
| 2:56 | Create | Villager (Male) |
| 2:56 | Create | Villager (Male) |
| 3:38 | Create | Villager (Male) |
| 3:38 | Create | Villager (Male) |
| 3:39 | Create | Villager (Male) |
| 3:46 | Build | House |
| 3:47 | Build | House |
| 4:00 | Create | Villager (Male) |
| 4:57 | Build | Mill |
| 5:15 | Create | Villager (Male) |
| 5:15 | Create | Villager (Male) |
| 5:15 | Create | Villager (Male) |
| 5:18 | Create | Villager (Male) |
| 5:19 | Create | Villager (Male) |
| 5:20 | Create | Villager (Male) |
| 5:40 | Create | Villager (Male) |
| 6:16 | Research | Loom |
| 6:38 | Research | Feudal Age |
| 6:57 | Create | Villager (Male) |
| 7:56 | Build | Barracks |
| 8:52 | Age | Feudal Age |
| 8:56 | Build | Stable |
| 9:00 | Create | Villager (Male) |
| 9:08 | Research | Double-Bit Axe |
| 9:25 | Create | Villager (Male) |
| 9:44 | Create | Villager (Male) |
| 9:52 | Create | Scout Cavalry |
| 9:52 | Create | Scout Cavalry |
| 9:56 | Build | House |
| 10:04 | Research | Horse Collar |
| 10:14 | Build | House |
| 10:16 | Create | Villager (Male) |
| 10:43 | Create | Scout Cavalry |
| 10:44 | Create | Villager (Male) |
| 10:48 | Build | Blacksmith |
| 10:58 | Build | Farm |
| 11:04 | Create | Scout Cavalry |
| 11:04 | Create | Villager (Male) |
| 11:10 | Create | Villager (Male) |
| 11:26 | Create | Villager (Male) |
| 11:30 | Build | Farm |
| 11:31 | Build | Farm |
| 11:37 | Create | Scout Cavalry |
| 11:42 | Build | House |
| 11:49 | Research | Scale Barding Armor |
| 11:49 | Research | Scale Barding Armor |
| 12:00 | Create | Scout Cavalry |
| 12:05 | Build | Farm |
| 12:19 | Create | Villager (Male) |
| 12:27 | Create | Villager (Male) |
| 12:39 | Build | Mining Camp |
| 12:46 | Build | Farm |
| 12:50 | Build | Farm |
| 12:53 | Create | Scout Cavalry |
| 12:57 | Create | Villager (Male) |
| 13:23 | Create | Scout Cavalry |
| 13:36 | Create | Villager (Male) |
| 13:56 | Create | Villager (Male) |
| 13:56 | Create | Scout Cavalry |
| 14:07 | Build | Mill |
| 14:08 | Create | Villager (Male) |
| 14:19 | Build | Farm |
| 14:20 | Build | Farm |
| 14:22 | Build | Farm |
| 14:29 | Create | Scout Cavalry |
| 14:30 | Create | Scout Cavalry |
| 14:35 | Build | House |
| 14:35 | Build | House |
| 14:38 | Create | Villager (Male) |
| 15:00 | Create | Scout Cavalry |
| 15:08 | Create | Villager (Male) |
| 15:28 | Create | Villager (Male) |
| 15:41 | Create | Villager (Male) |
| 15:57 | Create | Villager (Male) |
| 16:06 | Research | Forging |
| 16:08 | Research | Bloodlines |
| 16:16 | Build | Farm |
| 16:16 | Build | Farm |
| 16:16 | Build | Farm |
| 16:16 | Build | Farm |
| 16:16 | Build | Farm |
| 16:25 | Build | Stable |
| 16:28 | Research | Forging |
| 16:33 | Build | Farm |
| 16:56 | Create | Villager (Male) |
| 17:03 | Create | Scout Cavalry |
| 17:03 | Create | Scout Cavalry |
| 17:04 | Create | Villager (Male) |
| 17:15 | Build | Palisade Wall |
| 17:23 | Create | Villager (Male) |
| 17:35 | Create | Scout Cavalry |
| 17:37 | Build | Farm |
| 17:37 | Build | Farm |
| 17:37 | Build | Farm |
| 17:37 | Build | Farm |
| 17:45 | Build | House |
| 17:46 | Build | House |
| 18:07 | Create | Villager (Male) |
| 18:07 | Create | Scout Cavalry |
| 18:08 | Create | Scout Cavalry |
| 18:31 | Create | Villager (Male) |
| 18:36 | Create | Scout Cavalry |
| 18:36 | Create | Scout Cavalry |
| 18:39 | Build | Farm |
| 19:02 | Create | Villager (Male) |
| 19:15 | Build | Farm |
| 19:18 | Research | Wheelbarrow |
| 20:32 | Create | Villager (Male) |
| 21:04 | Build | Palisade Wall |
| 21:10 | Research | Castle Age |
| 21:10 | Research | Castle Age |
| 21:21 | Build | House |
| 21:25 | Build | Palisade Wall |
| 21:27 | Build | House |
| 21:30 | Build | House |
| 21:34 | Create | Scout Cavalry |
| 21:34 | Create | Scout Cavalry |
| 21:41 | Research | Gold Mining |
| 22:09 | Create | Scout Cavalry |
| 22:09 | Create | Scout Cavalry |
| 22:13 | Build | Lumber Camp |
| 22:24 | Build | Market |
| 22:27 | Create | Scout Cavalry |
| 22:45 | Create | Scout Cavalry |
| 22:57 | Build | Mining Camp |
| 23:19 | Create | Villager (Male) |
| 23:35 | Build | Farm |
| 23:46 | Create | Scout Cavalry |
| 23:50 | Age | Castle Age |
| 24:12 | Research | Husbandry |
| 24:12 | Research | Husbandry |
Match timeline
| 7:09 | Deadkorpse · first_building Barracks |
| 7:45 | newisyou · first_building Barracks |
| 7:50 | FraGStaR · first_building Barracks |
| 7:54 | ImVaibhav · first_building Barracks |
| 7:56 | BSL | adduOP · first_building Barracks |
| 8:00 | Deadkorpse · age_up feudal |
| 8:02 | PEPPA · first_building Barracks |
| 8:10 | Deadkorpse · first_building Stable |
| 8:10 | Mirror · first_building Barracks |
| 8:24 | MODI · first_building Barracks |
| 8:50 | MODI · age_up feudal |
| 8:51 | Deadkorpse · wall_segment Palisade Wall x4 |
| 8:52 | BSL | adduOP · age_up feudal |
| 8:56 | PEPPA · age_up feudal |
| 8:56 | BSL | adduOP · first_building Stable |
| 8:56 | newisyou · age_up feudal |
| 8:59 | PEPPA · first_building Archery Range |
| 9:02 | newisyou · first_building Archery Range |
| 9:12 | ImVaibhav · age_up feudal |
| 9:16 | ImVaibhav · first_building Stable |
| 9:26 | MODI · first_building Stable |
| 9:29 | FraGStaR · age_up feudal |
| 9:36 | Mirror · age_up feudal |
| 9:39 | Mirror · first_building Archery Range |
| 9:42 | FraGStaR · first_building Archery Range |
| 10:52 | Deadkorpse · wall_segment Palisade Wall x1 |
| 10:53 | Deadkorpse · wall_segment Palisade Wall x1 |
| 10:54 | Deadkorpse · wall_segment Palisade Wall x1 |
| 10:59 | Deadkorpse · wall_segment Palisade Wall x1 |
| 11:20 | MODI · wall_segment Palisade Wall x4 |
| 12:12 | newisyou · wall_segment Palisade Wall x10 |
| 13:07 | MODI · wall_segment Palisade Wall x4 |
| 14:40 | MODI · wall_segment Palisade Wall x2 |
| 14:57 | newisyou · wall_segment Palisade Wall x3 |
| 15:13 | newisyou · wall_segment Palisade Wall x11 |
| 15:40 | newisyou · wall_segment Palisade Wall x6 |
| 17:09 | PEPPA · wall_segment Palisade Wall x1 |
| 17:13 | PEPPA · wall_segment Palisade Wall x1 |
| 17:15 | BSL | adduOP · wall_segment Palisade Wall x1 |
| 17:15 | PEPPA · wall_segment Palisade Wall x1 |
| 17:17 | Mirror · wall_segment Palisade Wall x7 |
| 17:18 | Deadkorpse · wall_segment Palisade Wall x1 |
| 17:20 | PEPPA · wall_segment Palisade Wall x1 |
| 17:21 | PEPPA · wall_segment Palisade Wall x1 |
| 17:22 | PEPPA · wall_segment Palisade Wall x1 |
| 17:24 | PEPPA · wall_segment Palisade Wall x1 |
| 17:25 | PEPPA · wall_segment Palisade Wall x1 |
| 17:26 | PEPPA · wall_segment Palisade Wall x1 |
| 17:42 | PEPPA · first_market_sell 500 stone |
| 17:42 | PEPPA · first_market_buy 100 food |
| 18:09 | Mirror · wall_segment Palisade Wall x1 |
| 18:52 | PEPPA · wall_segment Palisade Wall x1 |
| 18:59 | PEPPA · wall_segment Palisade Wall x1 |
| 19:01 | PEPPA · wall_segment Palisade Wall x1 |
| 19:04 | ImVaibhav · first_market_buy 100 food |
| 19:07 | ImVaibhav · first_market_sell 100 wood |
| 19:11 | Deadkorpse · wall_segment Palisade Wall x1 |
| 19:36 | Deadkorpse · age_up castle |
| 19:40 | MODI · wall_segment Palisade Wall x13 |
| 19:41 | MODI · wall_segment Palisade Wall x1 |
| 19:46 | Mirror · wall_segment Palisade Wall x6 |
| 19:57 | Mirror · first_market_buy 100 food |
| 19:59 | ImVaibhav · wall_segment Palisade Wall x2 |
| 19:59 | Mirror · first_market_sell 500 wood |
| 20:01 | ImVaibhav · wall_segment Palisade Wall x2 |
| 20:59 | Mirror · wall_segment Palisade Wall x6 |
| 21:02 | MODI · wall_segment Palisade Wall x2 |
| 21:03 | MODI · wall_segment Palisade Wall x1 |
| 21:04 | BSL | adduOP · wall_segment Palisade Wall x1 |
| 21:04 | PEPPA · age_up castle |
| 21:25 | BSL | adduOP · wall_segment Palisade Wall x1 |
| 21:37 | FraGStaR · wall_segment Palisade Wall x5 |
| 22:05 | PEPPA · wall_segment Palisade Wall x1 |
| 22:09 | newisyou · first_market_sell 100 wood |
| 22:11 | newisyou · first_market_buy 100 food |
| 22:52 | MODI · age_up castle |
| 23:00 | MODI · first_market_sell 100 food |
| 23:08 | Mirror · age_up castle |
| 23:09 | ImVaibhav · wall_segment Palisade Wall x1 |
| 23:09 | ImVaibhav · age_up castle |
| 23:11 | ImVaibhav · wall_segment Palisade Wall x1 |
| 23:47 | FraGStaR · age_up castle |
| 23:50 | BSL | adduOP · age_up castle |
| 24:04 | ImVaibhav · wall_segment Palisade Wall x5 |
| 24:25 | BSL | adduOP · resign |
[ AI ANALYSIS · 1 CREDIT ]
What really happened in this match?
Wolo.gg analyzes every decision: build order, eco, micro, common mistakes by bracket. Personalized analysis on WhatsApp or Discord in 30 seconds.
Civ guide
Malay
Perfil
MODI